cohdb
Replays
Latest Replays
All Replays
Popular Replays
Top Player Replays
Match Explorer
How It Works
Community
CoH3 Stats
Reddit
Sign in to upload your games and track your stats! →
Sign in with Steam
Match 43371097
Unlisted
Match 43371097
Overview
Messages
Build Orders
End
Selects Panzerjäger Kommand Battlegroup
Selects Mine Fields
Panzerpioneer Squad
Panzerpioneer Squad
250 Light Carrier
Construct Light Support Kompanie
Combat Half-tracks
Assault Grenadier Squad
Assault Grenadier Squad
Panzerjäger Mechanized Group
Fire Support Elements
Selects Tank Busters
Veteran Squad Leaders
Flakvierling Half-track
2.5-tonne Medical Truck
Vehicle Survival Package
Selects Defensive Positions
Selects Butterfly Bomb Drop
Panzerjäger Squad
Construct Panzerarmee Kommand
Selects Crew Shock Tactics
Assault Mechanized Group
Selects Anti-tank Overwatch
Panzer III L Medium Tank
Panzerpioneer Squad
Panzer III L Medium Tank
Anti-tank Overwatch
只愛❤毛妹
Mr. Bepsi
0
0
Comments
sign in to comment!
No comments posted yet!